cohdb
Replays
Latest Replays
All Replays
Popular Replays
Top Player Replays
Match Explorer
How It Works
Community
CoH3 Stats
Reddit
Sign in to upload your games and track your stats! →
Sign in with Steam
Match 40491013
Unlisted
Match 40491013
Overview
Messages
Build Orders
End
Kettenkrad Recon Vehicle
Construct Infanterie Kompanie
Grenadier Squad
Grenadier Squad
Grenadier Squad
MG 42 Machine Gun Team
Construct Panzergrenadier Kompanie
Panzergrenadier Squad
Medical Bunker
Construct Panzer Kompanie
Stoßtruppen Squad
Panzer IV Medium Tank
Pak 40 Anti-tank Gun Team
Selects Breakthrough Battlegroup
Selects Rapid Production
Selects Blitzkrieg
Selects Assault Grenadiers
Pak 40 Anti-tank Gun Team
Selects Breakthrough
Selects Incendiary Bombing Run
Sturmpanzer IV Brummbär
Pioneer Squad
Side Skirts
Incendiary Bombing Run
Mobuk
『BlackBear』
0
0
Comments
sign in to comment!
No comments posted yet!